High Goats vs Knights
Created - 11 mars 2013 at 19:03
Goals
|
| High Goats |
1 |
0 |
1 |
2 |
| Knights |
3 |
2 |
3 |
8 |
|
Shots
|
| High Goats |
13 |
6 |
8 |
27 |
| Knights |
21 |
13 |
8 |
42 |
|
1st period
1. Knights , Jarret Stoll 9 (Garnet Exelby, Nigel Dawes) at 8:54
2. High Goats , Chris Stewart 29 (Thomas Hickey, Joël Perrault) at 9:22
3. Knights , Jarret Stoll 10 (Nikolai Zherdev, Zbynek Michalek) at 10:26
4. Knights , Matt Moulson 24 (Darroll Powe) at 11:59
Penalties :
Chris Thorburn (Lon) for Roughing (Minor) at 16:14, John Erskine (Buc) for Hooking (Minor) at 16:14
2nd period
5. Knights , Mats Zuccarello 5 (Aaron Rome, Joel Ward) at 3:35
6. Knights , Nikolai Zherdev 19 (Nigel Dawes) at 11:55
Penalties :
Joël Perrault (Buc) for Roughing (Minor) at 3:48, Nikolai Zherdev (Lon) for Hooking (Minor) at 8:50, Frederic St-Denis (Buc) for High sticking (Minor) at 8:50, David Laliberté (Buc) for Hooking (Minor) at 15:56
3rd period
7. Knights , Mats Zuccarello 6 (Joel Ward, Aaron Rome) at 7:41
8. Knights , Chris Thorburn 17 (Nathan Gerbe, Bobby Butler) at 10:22
9. Knights , Nigel Dawes 22 (Nikolai Zherdev, Darroll Powe) at 12:46 (PP)
10. High Goats , Chris Stewart 30 (Joël Perrault) at 15:14
Penalties :
Nikolai Zherdev (Lon) for Cross-checking (Minor) at 4:11, Jiri Tlusty (Buc) for Roughing (Minor) at 4:11, Frederic St-Denis (Buc) for Tripping (Minor) at 12:40, Jeff Schultz (Lon) for Roughing (Minor) at 12:47, Jiri Tlusty (Buc) for Diving (Minor) at 12:47, Mats Zuccarello (Lon) for Holding (Minor) at 18:53, Nick Bonino (Buc) for Slashing (Minor) at 19:18
Goalie Stats
Al Montoya (Buc), 34 saves from 42 shots - (0,810), L, 4-8-1, 60:00 minutes
Michael Leighton (Lon), 25 saves from 27 shots - (0,926), W, 15-17-3, 60:00 minutes
Players Stats for High Goats
Player Name G A P +/- PIM S H SB GA TA FO MP PP MP PK MP
------------------------------------------------------------------------------------
Anton Stralman 0 0 0 -3 0 2 2 5 3 3 0/0 28:01 0:25 2:29
Brad Larsen 0 0 0 -1 0 2 0 0 0 0 0/1 16:35 0:23 1:34
Brandon Bollig 0 0 0 -3 0 0 1 0 0 0 0/1 10:15 0:00 0:00
Chris Stewart 2 0 2 1 0 5 2 2 0 1 1/1 17:04 0:00 0:40
Craig Weller 0 0 0 -2 0 5 1 1 3 0 1/1 18:37 0:02 2:11
Dana Tyrell 0 0 0 -3 0 0 0 0 0 1 3/7 8:08 0:00 0:16
David Laliberté 0 0 0 -3 2 1 1 0 1 0 0/1 10:30 0:00 0:00
Drayson Bowman 0 0 0 -1 0 1 2 1 0 0 2/2 9:35 0:00 0:14
Frederic St-Denis 0 0 0 -2 4 0 1 0 0 0 0/0 20:15 0:00 1:35
Ivan Vishnevski 0 0 0 -1 0 0 0 0 0 2 0/0 14:26 0:00 0:00
Jiri Tlusty 0 0 0 1 4 1 0 2 1 0 1/1 15:12 0:02 0:00
Joël Perrault 0 2 2 1 2 5 2 1 0 0 13/24 14:47 0:23 0:11
John Erskine 0 0 0 -2 2 1 5 6 0 1 0/0 26:02 0:25 2:29
Matt Taormina 0 0 0 -2 0 0 3 0 3 1 0/0 15:31 0:00 1:35
Nick Bonino 0 0 0 -1 2 0 0 0 0 0 6/14 12:12 0:01 0:00
Pavel Brendl 0 0 0 -2 0 2 2 1 1 0 4/11 21:49 0:23 2:10
Petteri Wirtanen 0 0 0 -1 0 1 1 2 0 0 1/2 10:13 0:00 0:52
Thomas Hickey 0 1 1 -1 0 1 1 1 1 2 0/0 17:59 0:00 0:00
Players Stats for Knights
Player Name G A P +/- PIM S H SB GA TA FO MP PP MP PK MP
------------------------------------------------------------------------------------
Aaron Rome 0 2 2 3 0 2 0 3 1 1 0/0 13:40 0:00 0:00
Bobby Butler 0 1 1 1 0 0 0 0 0 0 0/0 9:40 0:02 0:00
Chris Thorburn 1 0 1 1 2 3 2 1 0 1 1/1 14:04 0:12 0:00
Darroll Powe 0 2 2 1 0 4 3 0 0 2 15/28 20:18 2:02 0:25
Garnet Exelby 0 1 1 3 0 2 1 1 0 1 0/0 13:32 0:00 0:00
Jarret Stoll 2 0 2 2 0 3 3 0 0 2 10/20 19:00 1:57 0:00
Jeff Schultz 0 0 0 0 2 2 1 2 1 1 0/0 27:48 2:39 0:25
Joel Ward 0 2 2 1 0 4 3 0 2 0 0/0 9:35 0:00 0:00
Karlis Skrastins 0 0 0 3 0 0 2 0 0 1 0/0 17:33 1:25 0:25
Mats Zuccarello 2 0 2 1 2 2 0 0 0 1 1/1 9:34 0:00 0:00
Matt Moulson 1 0 1 1 0 7 0 1 0 1 0/0 16:17 1:54 0:00
Nathan Gerbe 0 1 1 1 0 2 0 1 1 0 2/4 9:43 0:05 0:00
Nigel Dawes 1 2 3 2 0 3 1 1 3 0 0/0 17:19 2:08 0:25
Nikolai Zherdev 1 2 3 2 4 4 1 0 2 0 0/1 19:30 2:08 0:00
Peter Mueller 0 0 0 1 0 0 0 0 1 1 5/11 9:35 0:00 0:00
Ryan Suter 0 0 0 1 0 2 2 1 0 0 0/0 24:42 2:39 0:00
Steve Downie 0 0 0 1 0 1 1 0 0 1 0/0 15:58 1:44 0:00
Zbynek Michalek 0 1 1 0 0 1 2 1 0 0 0/0 23:05 1:25 0:00
3 Stars
1 - Jarret Stoll (Lon)
2 - Nigel Dawes (Lon)
3 - Chris Stewart (Buc)
Power Play
High Goats - 0 on 1 Attempt(s) - 0,00%
Knights - 1 on 4 Attempt(s) - 25,00%
Penalty Kill
High Goats - 3 on 4 Attempt(s) - 75,00%
- Score 0 goal in Penalty Kill
Knights - 1 on 1 Attempt(s) - 100,00%
- Score 0 goal in Penalty Kill
Official
Referees : Meier Brad and Martell Rob
Linesman : Brian Murphy and Pierre Racicot
Game Notes
No Game Note
High Goats
5 vs 5 Forward
Center Left Wing Right Wing Time % Phy DF OF
1 Joël Perrault Jiri Tlusty Chris Stewart 40 1 2 2
2 Nick Bonino Brad Larsen Pavel Brendl 30 1 2 2
3 Petteri Wirtanen Drayson Bowman Craig Weller 20 1 2 2
4 Dana Tyrell Brandon Bollig David Laliberté 10 1 2 2
5 vs 5 Defense
Defense Defense Time % Phy DF OF
1 Anton Stralman John Erskine 40 1 2 2
2 Thomas Hickey Frederic St-Denis 30 1 2 2
3 Ivan Vishnevski Matt Taormina 20 1 2 2
4 Anton Stralman John Erskine 10 1 2 2
PowerPlay Forward
Center Left Wing Right Wing Time % Phy DF OF
1 Joël Perrault Brad Larsen Pavel Brendl 60 1 2 2
2 Nick Bonino Jiri Tlusty Craig Weller 40 1 2 2
PowerPlay Defense
Defense Defense Time % Phy DF OF
1 Anton Stralman John Erskine 60 1 2 2
2 Matt Taormina Thomas Hickey 40 1 2 2
Penalty Kill 4 Players Forward
Center Wing Time % Phy DF OF
1 Pavel Brendl Craig Weller 60 1 2 2
2 Brad Larsen Chris Stewart 40 1 2 2
Penalty Kill 4 Players Defense
Defense Defense Time % Phy DF OF
1 Anton Stralman John Erskine 60 1 2 2
2 Matt Taormina Frederic St-Denis 40 1 2 2
Penalty Kill - 3 Players Forward
Forward Time % Phy DF OF
1 Pavel Brendl 60 1 2 2
2 Craig Weller 40 1 2 2
Penalty Kill - 3 Players Defense
Defense Defense Time % Phy DF OF
1 Anton Stralman John Erskine 60 1 2 2
2 Matt Taormina Frederic St-Denis 40 1 2 2
4 vs 4 Forward
Center Wing Time % Phy DF OF
1 Pavel Brendl Craig Weller 60 1 2 2
2 Brad Larsen Chris Stewart 40 1 2 2
4 vs 4 Defense
Defense Defense Time % Phy DF OF
1 Anton Stralman John Erskine 60 1 2 2
2 Thomas Hickey Frederic St-Denis 40 1 2 2
Last Minutes Offensive
Center Left Wing Right Wing Defense Defense
Joël Perrault Brad Larsen Chris Stewart Anton Stralman John Erskine
Last Minutes Defensive
Center Left Wing Right Wing Defense Defense
Joël Perrault Brad Larsen Chris Stewart Anton Stralman John Erskine
Goaltenders
Starting : Al Montoya
Backup : Jean-Sébastien Aubin
Extra Forwards
Normal : David Laliberté, Brandon Bollig, Petteri Wirtanen - PP : David Laliberté, Brandon Bollig - PK : Petteri Wirtanen
Extra Defensemen
Normal : Ivan Vishnevski, Thomas Hickey, Matt Taormina - PP : Ivan Vishnevski - PK : Thomas Hickey, Matt Taormina
Penalty Shots
Pavel Brendl, Craig Weller, Brad Larsen, Chris Stewart, Joël Perrault
Knights
5 vs 5 Forward
Center Left Wing Right Wing Time % Phy DF OF
1 Darroll Powe Matt Moulson Steve Downie 35 1 1 3
2 Jarret Stoll Nigel Dawes Nikolai Zherdev 35 1 1 3
3 Nathan Gerbe Bobby Butler Chris Thorburn 15 1 1 3
4 Peter Mueller Mats Zuccarello Joel Ward 15 1 2 2
5 vs 5 Defense
Defense Defense Time % Phy DF OF
1 Zbynek Michalek Jeff Schultz 40 2 2 1
2 Karlis Skrastins Ryan Suter 30 2 2 1
3 Aaron Rome Garnet Exelby 20 2 2 1
4 Ryan Suter Jeff Schultz 10 1 2 2
PowerPlay Forward
Center Left Wing Right Wing Time % Phy DF OF
1 Darroll Powe Nigel Dawes Nikolai Zherdev 60 0 0 5
2 Jarret Stoll Matt Moulson Steve Downie 40 0 0 5
PowerPlay Defense
Defense Defense Time % Phy DF OF
1 Ryan Suter Jeff Schultz 60 0 1 4
2 Karlis Skrastins Zbynek Michalek 40 0 1 4
Penalty Kill 4 Players Forward
Center Wing Time % Phy DF OF
1 Darroll Powe Nigel Dawes 60 0 4 1
2 Nikolai Zherdev Steve Downie 40 0 4 1
Penalty Kill 4 Players Defense
Defense Defense Time % Phy DF OF
1 Karlis Skrastins Jeff Schultz 60 0 5 0
2 Zbynek Michalek Garnet Exelby 40 0 5 0
Penalty Kill - 3 Players Forward
Forward Time % Phy DF OF
1 Darroll Powe 60 0 5 0
2 Nigel Dawes 40 0 5 0
Penalty Kill - 3 Players Defense
Defense Defense Time % Phy DF OF
1 Karlis Skrastins Jeff Schultz 60 0 5 0
2 Garnet Exelby Zbynek Michalek 40 0 5 0
4 vs 4 Forward
Center Wing Time % Phy DF OF
1 Darroll Powe Nikolai Zherdev 60 0 1 4
2 Jarret Stoll Steve Downie 40 2 1 2
4 vs 4 Defense
Defense Defense Time % Phy DF OF
1 Ryan Suter Jeff Schultz 60 1 2 2
2 Karlis Skrastins Zbynek Michalek 40 1 2 2
Last Minutes Offensive
Center Left Wing Right Wing Defense Defense
Darroll Powe Matt Moulson Nikolai Zherdev Jeff Schultz Ryan Suter
Last Minutes Defensive
Center Left Wing Right Wing Defense Defense
Darroll Powe Nigel Dawes Nikolai Zherdev Jeff Schultz Karlis Skrastins
Goaltenders
Starting : Michael Leighton
Backup : Dany Sabourin
Extra Forwards
Normal : Matt Moulson, Nikolai Zherdev, Chris Thorburn - PP : Steve Downie, Nikolai Zherdev - PK : Mats Zuccarello
Extra Defensemen
Normal : Jeff Schultz, Ryan Suter, Zbynek Michalek - PP : Garnet Exelby - PK : Karlis Skrastins, Aaron Rome
Penalty Shots
Nathan Gerbe, Nikolai Zherdev, Jarret Stoll, Nigel Dawes, Matt Moulson
% Time on Ice - High Goats
Lines # - Real PCT - Wanted PCT - Time Play
Normal Forward
1 - 38% - 40% - 17:46
2 - 26% - 30% - 12:11
3 - 19% - 20% - 9:05
4 - 17% - 10% - 7:52
Normal Defense
1 - 36% - 40% - 16:41
2 - 36% - 30% - 16:46
3 - 26% - 20% - 12:07
4 - 3% - 10% - 1:20
PP Forward
1 - 92% - 60% - 0:23
2 - 8% - 40% - 0:02
PP Defense
1 - 100% - 60% - 0:25
2 - 0% - 40% - 0:00
PK Forward
1 - 84% - 60% - 3:24
2 - 16% - 40% - 0:40
PK Defense
1 - 61% - 60% - 2:29
2 - 39% - 40% - 1:35
PK3 Forward
1 - 0% - 60%
2 - 0% - 40%
PK3 Defense
1 - 0% - 60%
2 - 0% - 40%
44 Forward
1 - 72% - 60% - 6:10
2 - 28% - 40% - 2:27
44 Defense
1 - 69% - 60% - 5:56
2 - 31% - 40% - 2:41
Last Minute Offensive - 0:00
Last Minute Defensive - 0:00
Total
Forward - 60:00
Defense - 60:00
|
% Time on Ice - Knights
Lines # - Real PCT - Wanted PCT - Time Play
Normal Forward
1 - 31% - 35% - 14:30
2 - 29% - 35% - 13:24
3 - 20% - 15% - 9:25
4 - 20% - 15% - 9:35
Normal Defense
1 - 39% - 40% - 18:22
2 - 28% - 30% - 13:10
3 - 28% - 20% - 12:57
4 - 5% - 10% - 2:25
PP Forward
1 - 53% - 60% - 2:10
2 - 47% - 40% - 1:54
PP Defense
1 - 65% - 60% - 2:39
2 - 35% - 40% - 1:25
PK Forward
1 - 100% - 60% - 0:25
2 - 0% - 40% - 0:00
PK Defense
1 - 100% - 60% - 0:25
2 - 0% - 40% - 0:00
PK3 Forward
1 - 0% - 60%
2 - 0% - 40%
PK3 Defense
1 - 0% - 60%
2 - 0% - 40%
44 Forward
1 - 82% - 60% - 7:03
2 - 18% - 40% - 1:34
44 Defense
1 - 70% - 60% - 6:04
2 - 30% - 40% - 2:33
Last Minute Offensive - 0:00
Last Minute Defensive - 0:00
Total
Forward - 60:00
Defense - 60:00
|
Play by Play
1st period
0:01 of 1st period - Chris Stewart wins face-off versus Darroll Powe in neutral zone.
0:09 of 1st period - Snap shot by Joël Perrault.
0:09 of 1st period - Stopped by Michael Leighton without a rebound.
0:10 of 1st period - Joël Perrault wins face-off versus Darroll Powe in Knights zone.
0:11 of 1st period - Backhand shot by Chris Stewart.
0:11 of 1st period - Shot Misses the Net.
0:13 of 1st period - Slapshot by Anton Stralman.
0:13 of 1st period - Stopped by Michael Leighton without a rebound.
0:14 of 1st period - Nick Bonino wins face-off versus Jarret Stoll in Knights zone.
0:25 of 1st period - Snap shot by Nikolai Zherdev.
0:25 of 1st period - Stopped by Al Montoya with a rebound.
2:03 of 1st period - Wrist shot by Chris Thorburn.
2:03 of 1st period - Stopped by Al Montoya without a rebound.
2:04 of 1st period - Nathan Gerbe wins face-off versus Dana Tyrell in High Goats zone.
2:13 of 1st period - Snap shot by Chris Thorburn.
2:13 of 1st period - Stopped by Al Montoya with a rebound.
2:15 of 1st period - Snap shot by Aaron Rome.
2:15 of 1st period - Stopped by Al Montoya with a rebound.
2:33 of 1st period - Wrist shot by Matt Moulson.
2:33 of 1st period - Stopped by Al Montoya with a rebound.
2:35 of 1st period - Slapshot by Jeff Schultz.
2:35 of 1st period - Stopped by Al Montoya without a rebound.
2:36 of 1st period - Jarret Stoll wins face-off versus Petteri Wirtanen in High Goats zone.
2:41 of 1st period - Snap shot by Nikolai Zherdev.
2:41 of 1st period - Shot Misses the Net.
3:11 of 1st period - Icing by Karlis Skrastins.
3:12 of 1st period - Darroll Powe wins face-off versus Nick Bonino in Knights zone.
3:16 of 1st period - Off-side.
3:17 of 1st period - Peter Mueller wins face-off versus Nick Bonino in neutral zone.
4:06 of 1st period - Snap shot by David Laliberté.
4:06 of 1st period - Shot Misses the Net.
4:24 of 1st period - Backhand shot by Chris Thorburn.
4:24 of 1st period - Shot Misses the Net.
4:26 of 1st period - Slapshot by Aaron Rome.
4:26 of 1st period - Shot Blocked by John Erskine.
4:28 of 1st period - Slapshot by Aaron Rome.
4:28 of 1st period - Stopped by Al Montoya with a rebound.
4:30 of 1st period - Slapshot by Nathan Gerbe.
4:30 of 1st period - Stopped by Al Montoya with a rebound.
4:32 of 1st period - Snap shot by Chris Thorburn.
4:32 of 1st period - Shot Misses the Net.
4:34 of 1st period - Slapshot by Garnet Exelby.
4:34 of 1st period - Shot Misses the Net.
4:46 of 1st period - Snap shot by Brad Larsen.
4:46 of 1st period - Deflect By Nick Bonino.
4:46 of 1st period - Shot Misses the Net.
4:46 of 1st period - Puck is out of play.
4:47 of 1st period - Mats Zuccarello wins face-off versus Nick Bonino in Knights zone.
5:16 of 1st period - Wrist shot by Darroll Powe.
5:16 of 1st period - Shot Blocked by Jiri Tlusty.
5:18 of 1st period - Wrist shot by Darroll Powe.
5:18 of 1st period - Stopped by Al Montoya with a rebound.
6:07 of 1st period - Slapshot by Brad Larsen.
6:07 of 1st period - Shot Misses the Net.
6:38 of 1st period - Snap shot by Joel Ward.
6:38 of 1st period - Shot Blocked by Anton Stralman.
7:10 of 1st period - Snap shot by Craig Weller.
7:10 of 1st period - Deflect By Ryan Suter.
7:10 of 1st period - Stopped by Michael Leighton without a rebound.
7:11 of 1st period - Nick Bonino wins face-off versus Jarret Stoll in Knights zone.
7:42 of 1st period - Snap shot by Joël Perrault.
7:42 of 1st period - Shot Misses the Net.
7:44 of 1st period - Slapshot by John Erskine.
7:44 of 1st period - Shot Blocked by Jeff Schultz.
7:46 of 1st period - Wrist shot by Joël Perrault.
7:46 of 1st period - Stopped by Michael Leighton with a rebound.
7:56 of 1st period - Steve Downie is hit by Anton Stralman and loses puck.
8:19 of 1st period - Snap shot by Steve Downie.
8:19 of 1st period - Stopped by Al Montoya with a rebound.
8:21 of 1st period - Slapshot by Jeff Schultz.
8:21 of 1st period - Shot Blocked by Petteri Wirtanen.
8:31 of 1st period - Mats Zuccarello is hit by John Erskine and loses puck.
8:50 of 1st period - Slapshot by Nigel Dawes.
8:50 of 1st period - Shot Blocked by John Erskine.
8:52 of 1st period - Snap shot by Garnet Exelby.
8:52 of 1st period - Stopped by Al Montoya with a rebound.
8:54 of 1st period - Snap shot by Jarret Stoll.
8:54 of 1st period - Goal by Jarret Stoll - High Goats : 0 - Knights : 1.
8:55 of 1st period - Jarret Stoll wins face-off versus Joël Perrault in neutral zone.
9:02 of 1st period - Wrist shot by Chris Stewart.
9:02 of 1st period - Stopped by Michael Leighton with a rebound.
9:04 of 1st period - Slapshot by Thomas Hickey.
9:04 of 1st period - Deflect By Chris Stewart.
9:04 of 1st period - Stopped by Michael Leighton without a rebound.
9:05 of 1st period - Jarret Stoll wins face-off versus Joël Perrault in Knights zone.
9:18 of 1st period - Wrist shot by Joël Perrault.
9:18 of 1st period - Shot Misses the Net.
9:20 of 1st period - Snap shot by Thomas Hickey.
9:20 of 1st period - Shot Blocked by Aaron Rome.
9:22 of 1st period - Wrist shot by Chris Stewart.
9:22 of 1st period - Goal by Chris Stewart - High Goats : 1 - Knights : 1.
9:23 of 1st period - Darroll Powe wins face-off versus Joël Perrault in neutral zone.
9:26 of 1st period - Snap shot by Steve Downie.
9:26 of 1st period - Deflect By Matt Moulson.
9:26 of 1st period - Shot Blocked by Jiri Tlusty.
9:26 of 1st period - Puck is out of play.
9:27 of 1st period - Joël Perrault wins face-off versus Darroll Powe in High Goats zone.
9:32 of 1st period - Wrist shot by Joël Perrault.
9:32 of 1st period - Stopped by Michael Leighton with a rebound.
9:54 of 1st period - Slapshot by Chris Stewart.
9:54 of 1st period - Stopped by Michael Leighton without a rebound.
9:55 of 1st period - Nick Bonino wins face-off versus Nathan Gerbe in Knights zone.
10:20 of 1st period - Craig Weller is hit by Jarret Stoll.
10:24 of 1st period - Slapshot by Nikolai Zherdev.
10:24 of 1st period - Shot Blocked by Craig Weller.
10:26 of 1st period - Wrist shot by Jarret Stoll.
10:26 of 1st period - Goal by Jarret Stoll - High Goats : 1 - Knights : 2.
10:27 of 1st period - Joël Perrault wins face-off versus Darroll Powe in neutral zone.
10:32 of 1st period - Wrist shot by Chris Stewart.
10:32 of 1st period - Shot Blocked by Zbynek Michalek.
11:03 of 1st period - Wrist shot by Nigel Dawes.
11:03 of 1st period - Shot Blocked by John Erskine.
11:23 of 1st period - Snap shot by Chris Thorburn.
11:23 of 1st period - Shot Blocked by Anton Stralman.
11:43 of 1st period - Slapshot by Craig Weller.
11:43 of 1st period - Deflect By Drayson Bowman.
11:43 of 1st period - Stopped by Michael Leighton without a rebound.
11:44 of 1st period - Darroll Powe wins face-off versus Joël Perrault in Knights zone.
11:55 of 1st period - Snap shot by Matt Moulson.
11:55 of 1st period - Stopped by Al Montoya with a rebound.
11:57 of 1st period - Slapshot by Matt Moulson.
11:57 of 1st period - Stopped by Al Montoya with a rebound.
11:59 of 1st period - Slapshot by Matt Moulson.
11:59 of 1st period - Goal by Matt Moulson - High Goats : 1 - Knights : 3.
12:00 of 1st period - Jarret Stoll wins face-off versus Joël Perrault in neutral zone.
12:16 of 1st period - Off-side.
12:17 of 1st period - Darroll Powe wins face-off versus Nick Bonino in neutral zone.
12:44 of 1st period - John Erskine is hit by Zbynek Michalek and loses puck.
13:23 of 1st period - Off-side.
13:24 of 1st period - Nathan Gerbe wins face-off versus Dana Tyrell in neutral zone.
13:51 of 1st period - Frederic St-Denis is hit by Jarret Stoll and loses puck.
14:28 of 1st period - Snap shot by Joel Ward.
14:28 of 1st period - Shot Misses the Net.
14:30 of 1st period - Snap shot by Ryan Suter.
14:30 of 1st period - Shot Blocked by Petteri Wirtanen.
14:32 of 1st period - Wrist shot by Ryan Suter.
14:32 of 1st period - Shot Blocked by Drayson Bowman.
14:34 of 1st period - Slapshot by Ryan Suter.
14:34 of 1st period - Shot Misses the Net.
15:02 of 1st period - Off-side.
15:03 of 1st period - Joël Perrault wins face-off versus Jarret Stoll in neutral zone.
15:10 of 1st period - Snap shot by Joël Perrault.
15:10 of 1st period - Stopped by Michael Leighton without a rebound.
15:11 of 1st period - Jarret Stoll wins face-off versus Joël Perrault in Knights zone.
15:56 of 1st period - Wrist shot by Nathan Gerbe.
15:56 of 1st period - Stopped by Al Montoya without a rebound.
15:57 of 1st period - Drayson Bowman wins face-off versus Nathan Gerbe in High Goats zone.
15:57 of 1st period - Drayson Bowman is hit by Garnet Exelby.
16:07 of 1st period - Slapshot by Anton Stralman.
16:07 of 1st period - Shot Blocked by Aaron Rome.
16:09 of 1st period - Snap shot by John Erskine.
16:09 of 1st period - Shot Misses the Net.
16:11 of 1st period - Wrist shot by Anton Stralman.
16:11 of 1st period - Shot Blocked by Nathan Gerbe.
16:13 of 1st period - Wrist shot by Petteri Wirtanen.
16:13 of 1st period - Shot Misses the Net.
16:14 of 1st period - Minor Penalty to Chris Thorburn for Roughing.
16:14 of 1st period - Minor Penalty to John Erskine for Hooking.
16:15 of 1st period - Darroll Powe wins face-off versus Pavel Brendl in Knights zone.
16:30 of 1st period - Snap shot by Pavel Brendl.
16:30 of 1st period - Stopped by Michael Leighton without a rebound.
16:31 of 1st period - Pavel Brendl wins face-off versus Darroll Powe in Knights zone.
16:32 of 1st period - Snap shot by Craig Weller.
16:32 of 1st period - Stopped by Michael Leighton with a rebound.
17:16 of 1st period - Snap shot by Jarret Stoll.
17:16 of 1st period - Shot Misses the Net.
17:41 of 1st period - Zbynek Michalek is hit by Anton Stralman and loses puck.
18:14 of 1st period - Penalty to Chris Thorburn is over, Chris Thorburn is back on ice.
18:14 of 1st period - Penalty to John Erskine is over, John Erskine is back on ice.
18:27 of 1st period - Snap shot by John Erskine.
18:27 of 1st period - Shot Misses the Net.
18:35 of 1st period - Thomas Hickey is hit by Steve Downie and loses puck.
18:54 of 1st period - Snap shot by Chris Thorburn.
18:54 of 1st period - Shot Misses the Net.
18:56 of 1st period - Slapshot by Jeff Schultz.
18:56 of 1st period - Stopped by Al Montoya with a rebound.
19:06 of 1st period - Snap shot by Jarret Stoll.
19:06 of 1st period - Stopped by Al Montoya with a rebound.
19:16 of 1st period - Wrist shot by Chris Thorburn.
19:16 of 1st period - Shot Blocked by John Erskine.
19:18 of 1st period - Wrist shot by Chris Thorburn.
19:18 of 1st period - Shot Misses the Net.
19:20 of 1st period - Slapshot by Ryan Suter.
19:20 of 1st period - Shot Misses the Net.
19:22 of 1st period - Snap shot by Chris Thorburn.
19:22 of 1st period - Shot Blocked by John Erskine.
19:24 of 1st period - Slapshot by Ryan Suter.
19:24 of 1st period - Stopped by Al Montoya without a rebound.
19:25 of 1st period - Peter Mueller wins face-off versus Nick Bonino in High Goats zone.
19:34 of 1st period - Backhand shot by Mats Zuccarello.
19:34 of 1st period - Shot Misses the Net.
19:36 of 1st period - Slapshot by Garnet Exelby.
19:36 of 1st period - Stopped by Al Montoya without a rebound.
19:37 of 1st period - Nick Bonino wins face-off versus Peter Mueller in High Goats zone.
19:46 of 1st period - Mats Zuccarello is hit by Pavel Brendl and loses puck.
2nd period
0:01 of 2nd period - Joël Perrault wins face-off versus Darroll Powe in neutral zone.
0:31 of 2nd period - Nikolai Zherdev is hit by John Erskine and loses puck.
0:59 of 2nd period - Icing by Thomas Hickey.
1:00 of 2nd period - Petteri Wirtanen wins face-off versus Darroll Powe in High Goats zone.
1:03 of 2nd period - Wrist shot by Matt Moulson.
1:03 of 2nd period - Stopped by Al Montoya with a rebound.
1:24 of 2nd period - Snap shot by Craig Weller.
1:24 of 2nd period - Stopped by Michael Leighton with a rebound.
1:26 of 2nd period - Wrist shot by Drayson Bowman.
1:26 of 2nd period - Shot Blocked by Garnet Exelby.
1:57 of 2nd period - Jeff Schultz is hit by Chris Stewart and loses puck.
2:12 of 2nd period - Snap shot by Mats Zuccarello.
2:12 of 2nd period - Shot Misses the Net.
2:20 of 2nd period - Wrist shot by Joel Ward.
2:20 of 2nd period - Stopped by Al Montoya with a rebound.
3:13 of 2nd period - Slapshot by Garnet Exelby.
3:13 of 2nd period - Shot Blocked by Chris Stewart.
3:31 of 2nd period - Wrist shot by Joel Ward.
3:31 of 2nd period - Stopped by Al Montoya with a rebound.
3:33 of 2nd period - Snap shot by Aaron Rome.
3:33 of 2nd period - Shot Blocked by Anton Stralman.
3:35 of 2nd period - Snap shot by Mats Zuccarello.
3:35 of 2nd period - Goal by Mats Zuccarello - High Goats : 1 - Knights : 4.
3:36 of 2nd period - Darroll Powe wins face-off versus Joël Perrault in neutral zone.
3:48 of 2nd period - Minor Penalty to Joël Perrault for Roughing.
3:49 of 2nd period - Pavel Brendl wins face-off versus Darroll Powe in High Goats zone.
4:00 of 2nd period - Snap shot by Ryan Suter.
4:00 of 2nd period - Deflect By Craig Weller.
4:00 of 2nd period - Stopped by Al Montoya without a rebound.
4:01 of 2nd period - Darroll Powe wins face-off versus Pavel Brendl in High Goats zone.
5:36 of 2nd period - Jeff Schultz is hit by John Erskine and loses puck.
5:48 of 2nd period - Penalty to Joël Perrault is over, Joël Perrault is back on ice.
6:09 of 2nd period - Wrist shot by David Laliberté.
6:09 of 2nd period - Shot Misses the Net.
6:21 of 2nd period - Chris Stewart is hit by Joel Ward and loses puck.
6:34 of 2nd period - Thomas Hickey is hit by Chris Thorburn and loses puck.
7:08 of 2nd period - Nikolai Zherdev is hit by John Erskine and loses puck.
7:31 of 2nd period - Steve Downie is hit by Joël Perrault and loses puck.
7:48 of 2nd period - Aaron Rome is hit by Petteri Wirtanen and loses puck.
7:59 of 2nd period - Snap shot by Nathan Gerbe.
7:59 of 2nd period - Shot Misses the Net.
8:07 of 2nd period - Bobby Butler is hit by Brandon Bollig and loses puck.
8:18 of 2nd period - Snap shot by Joel Ward.
8:18 of 2nd period - Stopped by Al Montoya without a rebound.
8:19 of 2nd period - Nick Bonino wins face-off versus Peter Mueller in High Goats zone.
8:19 of 2nd period - Nick Bonino is hit by Jeff Schultz.
8:50 of 2nd period - Minor Penalty to Nikolai Zherdev for Hooking.
8:50 of 2nd period - Minor Penalty to Frederic St-Denis for High sticking.
8:51 of 2nd period - Darroll Powe wins face-off versus Pavel Brendl in neutral zone.
8:56 of 2nd period - Slapshot by Ryan Suter.
8:56 of 2nd period - Shot Blocked by Anton Stralman.
9:13 of 2nd period - Icing by Darroll Powe.
9:14 of 2nd period - Darroll Powe wins face-off versus Pavel Brendl in Knights zone.
9:37 of 2nd period - Anton Stralman is hit by Karlis Skrastins and loses puck.
9:50 of 2nd period - Chris Stewart is hit by Karlis Skrastins and loses puck.
10:50 of 2nd period - Penalty to Nikolai Zherdev is over, Nikolai Zherdev is back on ice.
10:50 of 2nd period - Penalty to Frederic St-Denis is over, Frederic St-Denis is back on ice.
11:15 of 2nd period - Snap shot by Nigel Dawes.
11:15 of 2nd period - Stopped by Al Montoya with a rebound.
11:47 of 2nd period - Snap shot by Matt Taormina.
11:47 of 2nd period - Deflect By Craig Weller.
11:47 of 2nd period - Stopped by Michael Leighton with a rebound.
11:55 of 2nd period - Snap shot by Nigel Dawes.
11:55 of 2nd period - Deflect By Nikolai Zherdev.
11:55 of 2nd period - Goal by Nikolai Zherdev - High Goats : 1 - Knights : 5.
11:56 of 2nd period - Joël Perrault wins face-off versus Darroll Powe in neutral zone.
12:22 of 2nd period - Chris Stewart is hit by Ryan Suter and loses puck.
13:14 of 2nd period - Wrist shot by Matt Moulson.
13:14 of 2nd period - Stopped by Al Montoya without a rebound.
13:15 of 2nd period - Peter Mueller wins face-off versus Dana Tyrell in High Goats zone.
14:01 of 2nd period - Chris Stewart is hit by Nigel Dawes and loses puck.
14:33 of 2nd period - Snap shot by Chris Stewart.
14:33 of 2nd period - Deflect By Jiri Tlusty.
14:33 of 2nd period - Stopped by Michael Leighton without a rebound.
14:34 of 2nd period - Jarret Stoll wins face-off versus Nick Bonino in Knights zone.
14:41 of 2nd period - Slapshot by Zbynek Michalek.
14:41 of 2nd period - Stopped by Al Montoya with a rebound.
14:59 of 2nd period - Zbynek Michalek is hit by Drayson Bowman.
15:17 of 2nd period - Snap shot by Steve Downie.
15:17 of 2nd period - Shot Blocked by Anton Stralman.
15:19 of 2nd period - Wrist shot by Darroll Powe.
15:19 of 2nd period - Stopped by Al Montoya without a rebound.
15:20 of 2nd period - Darroll Powe wins face-off versus Dana Tyrell in High Goats zone.
15:23 of 2nd period - Wrist shot by Darroll Powe.
15:23 of 2nd period - Stopped by Al Montoya with a rebound.
15:25 of 2nd period - Wrist shot by Darroll Powe.
15:25 of 2nd period - Shot Misses the Net.
15:27 of 2nd period - Slapshot by Darroll Powe.
15:27 of 2nd period - Shot Misses the Net.
15:56 of 2nd period - Minor Penalty to David Laliberté for Hooking.
15:57 of 2nd period - Pavel Brendl wins face-off versus Darroll Powe in High Goats zone.
16:34 of 2nd period - Chris Stewart is hit by Nikolai Zherdev and loses puck.
17:56 of 2nd period - Penalty to David Laliberté is over, David Laliberté is back on ice.
18:01 of 2nd period - Slapshot by Nathan Gerbe.
18:01 of 2nd period - Shot Blocked by Joël Perrault.
18:03 of 2nd period - Snap shot by Karlis Skrastins.
18:03 of 2nd period - Shot Misses the Net.
18:38 of 2nd period - Bobby Butler is hit by John Erskine and loses puck.
19:11 of 2nd period - Snap shot by Craig Weller.
19:11 of 2nd period - Stopped by Michael Leighton without a rebound.
19:12 of 2nd period - Drayson Bowman wins face-off versus Peter Mueller in Knights zone.
19:13 of 2nd period - Slapshot by Craig Weller.
19:13 of 2nd period - Deflect By Drayson Bowman.
19:13 of 2nd period - Shot Misses the Net.
19:13 of 2nd period - Puck is out of play.
19:14 of 2nd period - Peter Mueller wins face-off versus Joël Perrault in Knights zone.
19:22 of 2nd period - Mats Zuccarello is hit by Matt Taormina and loses puck.
19:29 of 2nd period - Slapshot by Joël Perrault.
19:29 of 2nd period - Stopped by Michael Leighton without a rebound.
19:30 of 2nd period - Jarret Stoll wins face-off versus Nick Bonino in Knights zone.
19:37 of 2nd period - Snap shot by Nikolai Zherdev.
19:37 of 2nd period - Stopped by Al Montoya without a rebound.
19:38 of 2nd period - Nick Bonino wins face-off versus Jarret Stoll in High Goats zone.
19:38 of 2nd period - Nick Bonino is hit by Jarret Stoll.
19:58 of 2nd period - Wrist shot by Pavel Brendl.
19:58 of 2nd period - Stopped by Michael Leighton with a rebound.
3rd period
0:01 of 3rd period - Joël Perrault wins face-off versus Jarret Stoll in neutral zone.
0:08 of 3rd period - Snap shot by Joël Perrault.
0:08 of 3rd period - Shot Blocked by Nigel Dawes.
0:10 of 3rd period - Slapshot by John Erskine.
0:10 of 3rd period - Stopped by Michael Leighton without a rebound.
0:11 of 3rd period - Joël Perrault wins face-off versus Jarret Stoll in Knights zone.
0:36 of 3rd period - Anton Stralman is hit by Darroll Powe and loses puck.
0:44 of 3rd period - Backhand shot by Darroll Powe.
0:44 of 3rd period - Shot Misses the Net.
0:46 of 3rd period - Snap shot by Matt Moulson.
0:46 of 3rd period - Stopped by Al Montoya with a rebound.
1:14 of 3rd period - Icing by Craig Weller.
1:15 of 3rd period - Dana Tyrell wins face-off versus Peter Mueller in High Goats zone.
1:51 of 3rd period - Slapshot by Jarret Stoll.
1:51 of 3rd period - Shot Misses the Net.
3:52 of 3rd period - Chris Thorburn is hit by Craig Weller and loses puck.
4:04 of 3rd period - Off-side.
4:05 of 3rd period - Jarret Stoll wins face-off versus David Laliberté in neutral zone.
4:10 of 3rd period - Wrist shot by Nigel Dawes.
4:10 of 3rd period - Stopped by Al Montoya without a rebound.
4:11 of 3rd period - Jarret Stoll wins face-off versus Joël Perrault in High Goats zone.
4:11 of 3rd period - Minor Penalty to Nikolai Zherdev for Cross-checking.
4:11 of 3rd period - Minor Penalty to Jiri Tlusty for Roughing.
4:12 of 3rd period - Craig Weller wins face-off versus Darroll Powe in High Goats zone.
4:53 of 3rd period - Slapshot by Anton Stralman.
4:53 of 3rd period - Stopped by Michael Leighton without a rebound.
4:54 of 3rd period - Chris Thorburn wins face-off versus Brad Larsen in Knights zone.
6:02 of 3rd period - Brad Larsen is hit by Zbynek Michalek and loses puck.
6:11 of 3rd period - Penalty to Nikolai Zherdev is over, Nikolai Zherdev is back on ice.
6:11 of 3rd period - Penalty to Jiri Tlusty is over, Jiri Tlusty is back on ice.
6:21 of 3rd period - Frederic St-Denis is hit by Ryan Suter and loses puck.
6:30 of 3rd period - Thomas Hickey is hit by Darroll Powe and loses puck.
6:43 of 3rd period - Snap shot by Nikolai Zherdev.
6:43 of 3rd period - Shot Blocked by Thomas Hickey.
6:45 of 3rd period - Snap shot by Nikolai Zherdev.
6:45 of 3rd period - Shot Misses the Net.
6:57 of 3rd period - Nikolai Zherdev is hit by Frederic St-Denis and loses puck.
7:08 of 3rd period - Wrist shot by Nikolai Zherdev.
7:08 of 3rd period - Deflect By Darroll Powe.
7:08 of 3rd period - Stopped by Al Montoya with a rebound.
7:24 of 3rd period - Wrist shot by Nikolai Zherdev.
7:24 of 3rd period - Stopped by Al Montoya without a rebound.
7:25 of 3rd period - Peter Mueller wins face-off versus Brandon Bollig in High Goats zone.
7:26 of 3rd period - Snap shot by Joel Ward.
7:26 of 3rd period - Shot Blocked by John Erskine.
7:30 of 3rd period - Snap shot by Joel Ward.
7:30 of 3rd period - Stopped by Al Montoya without a rebound.
7:31 of 3rd period - Dana Tyrell wins face-off versus Peter Mueller in High Goats zone.
7:31 of 3rd period - Dana Tyrell is hit by Joel Ward.
7:39 of 3rd period - Slapshot by Joel Ward.
7:39 of 3rd period - Shot Misses the Net.
7:41 of 3rd period - Wrist shot by Mats Zuccarello.
7:41 of 3rd period - Goal by Mats Zuccarello - High Goats : 1 - Knights : 6.
7:42 of 3rd period - Dana Tyrell wins face-off versus Jarret Stoll in neutral zone.
8:43 of 3rd period - Aaron Rome is hit by Matt Taormina and loses puck.
9:00 of 3rd period - Garnet Exelby is hit by David Laliberté and loses puck.
9:17 of 3rd period - Darroll Powe is hit by Joël Perrault and loses puck.
9:36 of 3rd period - Peter Mueller is hit by Pavel Brendl and loses puck.
10:22 of 3rd period - Snap shot by Chris Thorburn.
10:22 of 3rd period - Goal by Chris Thorburn - High Goats : 1 - Knights : 7.
10:23 of 3rd period - Joël Perrault wins face-off versus Jarret Stoll in neutral zone.
10:32 of 3rd period - Slapshot by Anton Stralman.
10:32 of 3rd period - Shot Misses the Net.
11:14 of 3rd period - Jeff Schultz is hit by Drayson Bowman and loses puck.
11:23 of 3rd period - Matt Taormina is hit by Chris Thorburn and loses puck.
11:41 of 3rd period - Joël Perrault is hit by Joel Ward and loses puck.
11:58 of 3rd period - Nigel Dawes is hit by Matt Taormina and loses puck.
12:17 of 3rd period - John Erskine is hit by Darroll Powe and loses puck.
12:24 of 3rd period - Slapshot by Thomas Hickey.
12:24 of 3rd period - Stopped by Michael Leighton without a rebound.
12:25 of 3rd period - Jarret Stoll wins face-off versus Joël Perrault in Knights zone.
12:25 of 3rd period - Jarret Stoll is hit by Chris Stewart.
12:37 of 3rd period - Snap shot by Nikolai Zherdev.
12:37 of 3rd period - Shot Blocked by Chris Stewart.
12:40 of 3rd period - Minor Penalty to Frederic St-Denis for Tripping.
12:41 of 3rd period - Darroll Powe wins face-off versus Pavel Brendl in High Goats zone.
12:44 of 3rd period - Slapshot by Nigel Dawes.
12:44 of 3rd period - Shot Blocked by Pavel Brendl.
12:46 of 3rd period - Snap shot by Nigel Dawes.
12:46 of 3rd period - Goal by Nigel Dawes - High Goats : 1 - Knights : 8.
12:47 of 3rd period - Joël Perrault wins face-off versus Jarret Stoll in neutral zone.
12:47 of 3rd period - Minor Penalty to Jeff Schultz for Roughing.
12:47 of 3rd period - Minor Penalty to Jiri Tlusty for Diving.
12:48 of 3rd period - Pavel Brendl wins face-off versus Nikolai Zherdev in neutral zone.
14:07 of 3rd period - Wrist shot by David Laliberté.
14:07 of 3rd period - Shot Blocked by Aaron Rome.
14:09 of 3rd period - Snap shot by David Laliberté.
14:09 of 3rd period - Deflect By Steve Downie.
14:09 of 3rd period - Shot Misses the Net.
14:09 of 3rd period - Puck is out of play.
14:10 of 3rd period - Darroll Powe wins face-off versus Pavel Brendl in Knights zone.
14:21 of 3rd period - Ryan Suter is hit by Thomas Hickey and loses puck.
14:47 of 3rd period - Penalty to Jeff Schultz is over, Jeff Schultz is back on ice.
14:47 of 3rd period - Penalty to Jiri Tlusty is over, Jiri Tlusty is back on ice.
14:55 of 3rd period - Snap shot by David Laliberté.
14:55 of 3rd period - Shot Blocked by Chris Thorburn.
14:57 of 3rd period - Wrist shot by David Laliberté.
14:57 of 3rd period - Stopped by Michael Leighton with a rebound.
14:59 of 3rd period - Slapshot by David Laliberté.
14:59 of 3rd period - Shot Blocked by Matt Moulson.
15:01 of 3rd period - Slapshot by Dana Tyrell.
15:01 of 3rd period - Shot Misses the Net.
15:03 of 3rd period - Snap shot by Dana Tyrell.
15:03 of 3rd period - Shot Blocked by Ryan Suter.
15:10 of 3rd period - Icing by Matt Moulson.
15:11 of 3rd period - Joël Perrault wins face-off versus Peter Mueller in Knights zone.
15:14 of 3rd period - Slapshot by Chris Stewart.
15:14 of 3rd period - Goal by Chris Stewart - High Goats : 2 - Knights : 8.
15:15 of 3rd period - Joël Perrault wins face-off versus Jarret Stoll in neutral zone.
15:22 of 3rd period - Snap shot by Joël Perrault.
15:22 of 3rd period - Shot Misses the Net.
15:37 of 3rd period - Icing by John Erskine.
15:38 of 3rd period - Jiri Tlusty wins face-off versus Darroll Powe in High Goats zone.
16:49 of 3rd period - Slapshot by Matt Taormina.
16:49 of 3rd period - Shot Blocked by Jeff Schultz.
16:55 of 3rd period - Snap shot by Brad Larsen.
16:55 of 3rd period - Stopped by Michael Leighton with a rebound.
18:01 of 3rd period - Snap shot by Petteri Wirtanen.
18:01 of 3rd period - Stopped by Michael Leighton without a rebound.
18:02 of 3rd period - Darroll Powe wins face-off versus Nick Bonino in Knights zone.
18:53 of 3rd period - Minor Penalty to Mats Zuccarello for Holding.
18:54 of 3rd period - Joël Perrault wins face-off versus Darroll Powe in Knights zone.
18:55 of 3rd period - Snap shot by Brad Larsen.
18:55 of 3rd period - Stopped by Michael Leighton without a rebound.
18:56 of 3rd period - Darroll Powe wins face-off versus Joël Perrault in Knights zone.
19:07 of 3rd period - Snap shot by Joël Perrault.
19:07 of 3rd period - Shot Misses the Net.
19:18 of 3rd period - Minor Penalty to Nick Bonino for Slashing.
19:19 of 3rd period - Darroll Powe wins face-off versus Pavel Brendl in High Goats zone.
Output by the SimonT Hockey Simulator (STHS) for François Prévost -- Original Page W3C XHTML 1.0 Valid